 Dungeon Crawl Stone Soup version 0.31-a0-1074-g0b22e4e0f1 (webtiles) character file.

Game seed: 7162915146483135694

2772 ParallaxScroll the Cutter (level 9, -2/74 HPs)
             Began as a Purple Draconian Fire Elementalist on Dec 4, 2023.
             Was a Priest of Wu Jian.
             Hit by a javelin thrown by a centaur (5 damage)
             ... in a bailey.
             The game lasted 00:40:02 (7124 turns).

ParallaxScroll the Cutter (DrFE)                    Turns: 7124, Time: 00:40:03

Health: -2/74      AC:  7    Str: 11    XL:     9   Next: 42%
Magic:  12/12      EV: 14    Int: 17    God:    Wu Jian [***...]
Gold:   246        SH:  0    Dex: 14    Spells: 8/12 levels left

rFire   . . .        b - +8 arc blade {discharge, rElec}
rCold   . . .        (no shield)
rNeg    + . .        (body armour unavailable)
rPois   .            (helmet restricted)
rElec   +            (no cloak)
rCorr   .            (no gloves)
SInv    .            (no boots)
Will    +....        i - amulet of regeneration
Stlth   +++          j - ring of positive energy
HPRegen 1.12/turn    (no ring)
MPRegen 0.13/turn

%: no passive effects
@: hasted, very quick
A: breathe power, AC +7, unfitting armour, cold-blooded
a: Breathe Dispelling Energy, Renounce Religion, Wall Jump, Serpent's Lash


You were in a bailey.
You worshipped Wu Jian.
Wu Jian was most pleased with you.
You visited 1 branch of the dungeon, and saw 7 of its levels.
You also visited: Bailey.

You collected 376 gold pieces.
You spent 130 gold pieces at shops.

Inventory:

Hand Weapons
 a - the +8 Vampire's Tooth {megavamp}
   (You found it on level 3 of the Dungeon)
 b - the +8 arc blade (weapon) {discharge, rElec}
   (You acquired it on level 7 of the Dungeon)

   rElec:     It insulates you from electricity.
 f - a +0 dagger
 k - a +0 orcbow
 x - a +1 short sword of speed
 y - a +0 whip of electrocution
 z - a +0 halberd
 E - a +0 sling
 F - a +0 long sword
Missiles
 e - 42 stones
 t - 8 poisoned darts (quivered)
 v - 7 boomerangs
 I - 8 javelins
Magical Staves
 d - a staff of death
Jewellery
 i - an amulet of regeneration (around neck)
 j - a ring of positive energy (left hand)
Talismans
 g - a flux talisman
 m - a serpent talisman
 u - a blade talisman
Wands
 A - a wand of roots (7)
Scrolls
 o - 2 scrolls of revelation
 p - 3 scrolls of enchant armour
 q - a scroll of amnesia
 w - a scroll of immolation
 C - a scroll of poison
 D - a scroll of fear {unknown}
 G - a scroll of fog {unknown}
Potions
 c - 5 potions of magic
 h - a potion of attraction
 l - a potion of haste
 n - 2 potions of mutation
 r - a potion of lignification {unknown}
 s - 2 potions of berserk rage
 B - a potion of curing {unknown}
 H - a potion of brilliance {unknown}


   Skills:
 - Level 5.0 Fighting
 + Level 7.0 Short Blades
 + Level 4.7 Dodging
 + Level 6.6 Stealth
 - Level 2.4 Spellcasting
 - Level 4.0 Conjurations
 + Level 2.7 Hexes
 - Level 4.0 Fire Magic


You had 8 spell levels left.
You knew the following spells:

 Your Spells              Type           Power      Damage    Failure   Level
a - Foxfire               Conj/Fire      60%        2x1d7     3%          1
b - Scorch                Fire           30%        2d6       5%          2
c - Slow                  Hex            44%        N/A       6%          1

Your spell library contained the following spells:

 Spells                   Type           Power      Damage    Failure   Level
 Magic Dart               Conj           60%        1d6       3%          1
 Searing Ray              Conj           30%        2d5       5%          2
 Inner Flame              Hex/Fire       13%        N/A       14%         3
 Confusing Touch          Hex            11%        N/A       19%         3
 Sigil of Binding         Hex            11%        N/A       19%         3
 Volatile Blastmotes      Fire/Tloc      16%        2d11      24%         3
 Flame Wave               Conj/Fire      15%        2d7       34%         4
 Fulminant Prism          Conj/Hex       6%         3d7       43%         4
 Vampiric Draining        Necr           2%         2d6       50%         3


Dungeon Overview and Level Annotations

Branches:
Dungeon (7/15)             Temple (0/1) D:7          Bailey (1/1)

Altars:
Trog
Wu Jian
Yredelemnul

Shops:
D:1 [   D:5 ??   D:6 (

Annotations:
D:4 exclusions: orc and water moccasin
D:5 exclusions: downstairs and 1 more exclusion, Prince Ribbit


Innate Abilities, Weirdness & Mutations

You can breathe bolts of dispelling energy.
Your rich purple scales are hard. (AC +7)
You cannot fit into any form of body armour.
You are cold-blooded and may be slowed by cold attacks.


Message History

Magic restored.
Things that are here:
a +0 glaive; a +0 ring mail A centaur comes into view.
It is wielding a +0 spear.
Found a lightning rod (4/4).
An orc and a centaur come into view.
The centaur shouts!
The centaur throws a javelin.
The javelin pierces through you!
There is a fountain of clear blue water here.
A centaur and an orc come into view.
The orc shouts!
You hear a shout!
The centaur moves out of view.
A centaur comes into view. It is wielding a +0 trident.
The centaur throws a javelin.
The javelin pierces through you!
An orc comes into view. It is wielding a +0 trident.
The centaur shouts! x2
The centaur throws a javelin.
The javelin completely misses you.
The centaur throws a javelin.
The javelin pierces through you!
The orc warrior hits you from afar with a +0 glaive!
The orc shouts!
You hear a shout! x3
The centaur throws a javelin.
The javelin pierces through you.
The orc warrior hits you from afar with a +0 glaive.
The centaur throws a javelin.
The javelin pierces through you.
The centaur throws a javelin.
The javelin pierces through you!
The orc warrior attacks as it pursues you!
The orc warrior splashes around in the water.
The centaur throws a javelin.
The javelin pierces through you!
* * * LOW HITPOINT WARNING * * *
The centaur throws a javelin.
The javelin pierces through you.
* * * LOW HITPOINT WARNING * * *
Okay, then.
You feel yourself speed up.
The centaur throws a javelin.
The javelin pierces through you.
* * * LOW HITPOINT WARNING * * *
The centaur throws a javelin.
The javelin barely misses you.
The centaur throws a javelin.
The javelin pierces through you.
* * * LOW HITPOINT WARNING * * *
The orc warrior closely misses you.
The centaur throws a javelin.
The javelin pierces through you.
You die...

#≈≈c≈.....≈~≈}≈~≈..
#≈≈.≈.....≈~≈?≈o≈.....≈o
#≈≈.≈.....≈~≈:≈~≈.....≈.
#≈≈.≈....c≈~≈~≈~≈.....≈c
#≈≈.≈≈....≈≈o~o≈≈....≈≈.
#≈≈≈.≈.....≈≈≈≈≈.....≈.≈
#≈≈≈.≈≈.⌠..≈≈≈≈≈..⌠.≈≈.≈
#≈≈≈≈c≈.....≈≈≈.....≈.≈≈
#≈≈≈≈.≈≈≈...@.....≈≈≈.≈≈
#≈≈≈≈≈..≈≈≈.....≈≈≈c.≈≈≈
#≈≈≈≈≈≈≈c.≈#...#≈..≈≈≈≈≈
##≈≈≈≈≈≈≈≈.#..)#.≈≈≈≈≈≈≈
##≈≈≈≈≈≈≈≈#).)#≈≈≈≈≈≈≈≈
##≈≈≈≈≈≈≈#)..#≈≈≈≈≈≈≈#
#########'''#########
##.........).........##
##........))..)........##


You could see an orc warrior, 4 centaurs and 2 orcs.

Vanquished Creatures
  Grinder (D:5)
  2 ice beasts (D:6)
  An ogre (D:6)
  7 orc warriors
  A phantom (D:4)
  4 centaurs
  5 scorpions
  2 bullfrogs (D:6)
  A howler monkey (D:5)
  3 jellies (D:6)
  2 gnoll boudas
  4 hounds
  2 sleepcaps (D:4)
  3 iguanas
  An orc wizard (D:6)
  18 gnolls
  10 adders
  A white imp (D:6)
  2 ufetubi (D:6)
  A worm (D:3)
  23 orcs
  2 bats
  4 endoplasms
  6 giant cockroaches
  7 goblins
  4 hobgoblins
  6 kobolds
  2 quokkas
  7 ball pythons
  13 frilled lizards
  5 rats
150 creatures vanquished.

Vanquished Creatures (others)
  376 foxfires
376 creatures vanquished.

Grand Total: 526 creatures vanquished

Notes
Turn   | Place    | Note
-------+----------+-------------------------------------------
     0 | D:1      | ParallaxScroll the Draconian Fire Elementalist began the
                  | quest for the Orb.
     0 | D:1      | Reached XP level 1. HP: 14/14 MP: 3/3
   190 | D:1      | Found Waogim's Armour Emporium.
   275 | D:1      | Reached XP level 2. HP: 20/20 MP: 1/5
   278 | D:1      | Learned a level 2 spell: Scorch
  1100 | D:2      | Reached skill level 1 in Fighting
  1149 | D:2      | Reached XP level 3. HP: 28/28 MP: 3/6
  1808 | D:2      | Noticed a phantom
  2068 | D:2      | Reached XP level 4. HP: 23/35 MP: 2/7
  2370 | D:3      | Noticed a golden eye
  2373 | D:3      | Found a faded altar of an unknown god.
  2374 | D:3      | Noticed a glass eye
  2374 | D:3      | Noticed a great orb of eyes
  2374 | D:3      | Noticed a shining eye
  2406 | D:3      | Prayed at the altar of an unknown god.
  2406 | D:3      | Became a worshipper of the Wu Jian Council
  2406 | D:3      | Reached * piety under Wu Jian
  3508 | D:3      | Found the +8 Vampire's Tooth {megavamp}
  3665 | D:4      | Reached XP level 5. HP: 31/41 MP: 4/8
  3796 | D:4      | Reached skill level 1 in Short Blades
  3857 | D:4      | Noticed a phantom
  3865 | D:4      | Killed a phantom
  3866 | D:4      | Reached skill level 2 in Short Blades
  3866 | D:4      | Reached XP level 6. HP: 48/48 MP: 1/9
  3962 | D:4      | Reached ** piety under Wu Jian
  4100 | D:4      | Reached skill level 3 in Short Blades
  4388 | D:4      | Noticed a water moccasin
  4486 | D:5      | Entered Level 5 of the Dungeon
  4496 | D:5      | Your scales start taking on a rich purple colour.
  4496 | D:5      | Reached XP level 7. HP: 56/56 MP: 3/10
  4566 | D:5      | Noticed Grinder
  4577 | D:5      | Killed Grinder
  4578 | D:5      | Reached skill level 4 in Short Blades
  4745 | D:5      | Found Beesipu's Magic Scroll Shoppe.
  4753 | D:5      | Bought a scroll of identify for 26 gold pieces
  4753 | D:5      | Bought a scroll of identify for 26 gold pieces
  4753 | D:5      | Bought a scroll of identify for 26 gold pieces
  4753 | D:5      | Bought a scroll of noise for 13 gold pieces
  4753 | D:5      | Bought a scroll of teleportation for 39 gold pieces
  4986 | D:5      | Reached skill level 5 in Short Blades
  5051 | D:5      | Noticed Prince Ribbit
  5052 | D:5      | Found Ileung's Magic Scroll Emporium.
  5062 | D:5      | Found a bloodstained altar of Trog.
  5312 | D:6      | Reached XP level 8. HP: 61/63 MP: 6/11
  5542 | D:6      | Found Xuorphai's Weapon Emporium.
  5652 | D:6      | Identified a scroll of acquirement
  5846 | D:6      | Reached skill level 6 in Short Blades
  5846 | D:6      | Reached skill level 5 in Stealth
  6237 | D:6      | Learned a level 1 spell: Slow
  6436 | D:7      | Found a basalt altar of Yredelemnul.
  6438 | D:7      | Acquired the +8 arc blade {discharge, rElec}
  6438 | D:7      | Found the +8 arc blade {discharge, rElec}
  6457 | D:7      | Reached *** piety under Wu Jian
  6490 | D:7      | Found a flagged portal.
  6500 | Bailey   | Entered a bailey
  6522 | Bailey   | Reached XP level 9. HP: 71/71 MP: 0/12
  6661 | Bailey   | Reached skill level 1 in Hexes
  7103 | Bailey   | Reached skill level 5 in Fighting
  7103 | Bailey   | Reached skill level 7 in Short Blades
  7122 | Bailey   | HP: 1/74 [centaur/javelin (6)]
  7124 | Bailey   | Hit by a javelin thrown by a centaur

Illustrated notes

Levels and vault maps discovered:
D:1:      dpeg_arrival_more_subterranean_lakeside_camping, layout_basic,
          serial_shops, nicolae_shop_crystal
D:2:      layout_basic, lightli_corner_chamber
D:3:      layout_basic, hellmonk_ecumenical_altar_watching_god, minivault_26,
          minmay_lizard_king
D:4:      layout_gridville
D:5:      layout_basic, lemuel_crystal_altar, serial_shops, shop,
          nicolae_shop_trees, uniq_prince_ribbit1, uniq_grinder
D:6:      layout_gridville, serial_shops, kennysheep_mini_moat
D:7:      layout_cave_pools, lemuel_crystal_altar,
          minmay_temple_entry_water_ring, enter_bailey_3,
          minmay_shattered_shrine
Bailey:   bailey_polearm_flooded_kennysheep, bailey

Skill      XL: |  1  2  3  4  5  6  7  8  9 |
---------------+----------------------------+-----
Conjurations   | 2 3 4 |  4.0
Fighting       | 1 2 3 4 5 |  5.0
Fire Magic     | 4 |  4.0
Dodging        | 2 3 4 |  4.7
Stealth        | 2 3 4 6 |  6.6
Short Blades   | 2 3 5 6 7 |  7.0
Hexes          | 2 |  2.7
Spellcasting   | |  2.4

Action                     |  1- 3 |  4- 6 |  7- 9 || total
---------------------------+-------+-------+-------++-------
  Melee: Dagger            |     4 |       |       ||     4
         Short sword       |    17 |    10 |       ||    27
         Tailslap          |     1 |     6 |    40 ||    47
         Quick blade       |       |    34 |   227 ||   261
         Rapier            |       |       |    12 ||    12
   Cast: Foxfire           |    59 |    66 |   101 ||   226
         Scorch            |     1 |     8 |    11 ||    20
Ability: Lunge             |       |    12 |    25 ||    37
         Whirlwind         |       |       |     8 ||     8
  Evoke: Wand              |       |       |     4 ||     4
    Use: Scroll            |     2 |     3 |    12 ||    17
         Potion            |       |       |     2 ||     2
   Stab: Sleeping          |     2 |     6 |     2 ||    10
 Armour: Skin              |     8 |    12 |   125 ||   145
  Dodge: Dodged            |    10 |    16 |   107 ||   133

Table legend: (Time is in decaauts)
 A = Elapsed time spent in this place.
 B = Non-inter-level travel time spent in this place.
 C = Inter-level travel time spent in this place.
 D = Time resting spent in this place.
 E = Time spent auto-exploring this place.
 F = Levels seen in this place.
 G = Mean time per level.
                   A        B        C        D        E       F      G
               +--------+--------+--------+--------+--------+-----+--------+
         Total |   7117 |   6831 |    286 |   1963 |   3636 |   8 |  889.6 |
       Dungeon |   6488 |   6202 |    286 |   1746 |   3510 |   7 |  926.9 |
        Bailey |    628 |    628 |      0 |    217 |    126 |   1 |  628.0 |
               +--------+--------+--------+--------+--------+-----+--------+

Top non-repeatable levels by time:
     D:2: 1315 daAuts
     D:3: 1305 daAuts
     D:6: 1129 daAuts
     D:1: 1027 daAuts
     D:4: 880 daAuts
     D:5: 765 daAuts
  Bailey: 628 daAuts
     D:7: 64 daAuts
